 Dungeon Crawl Stone Soup version 0.26-a0-720-g2a1d101370 (webtiles) character file.

Game seed: 13016334058576069555

1529 dickylongcocking the Nimble (level 8, -5/61 HPs)
             Began as a Merfolk Summoner on Nov 4, 2020.
             Was a Believer of Okawaru.
             Killed by divine providence
             ... invoked by an orc priest
              (16 damage)
             ... on level 6 of the Dungeon.
             The game lasted 00:10:31 (7742 turns).

dickylongcocking the Nimble (Merfolk Summoner)      Turns: 7742, Time: 00:10:32

Health: -5/61      AC:  5    Str:  8    XL:     8   Next: 85%
Magic:  6/13       EV: 19    Int: 20    God:    Okawaru [**....]
Gold:   320        SH:  0    Dex: 15    Spells: 4/14 levels left

rFire    . . .     SeeInvis .   q - +2 spear (venom)
rCold    . . .     Faith    .   (no shield)
rNeg     . . .     Spirit   .   b - +0 leather armour
rPois    .         Reflect  .   B - +0 helmet of Tutwent {Int+4} (curse)
rElec    .         Harm     .   (no cloak)
rCorr    .         Rampage  .   (no gloves)
MR       .....                  o - +0 pair of boots
Stlth    ++........             e - amulet of magic regeneration
HPRegen  0.20/turn              (no ring)
MPRegen  0.38/turn              (no ring)

@: no status effects
A: change form in water, swift swim, stealthy swim
a: Heroism, Renounce Religion


You were on level 6 of the Dungeon.
You worshipped Okawaru.
Okawaru was pleased with you.
You visited 1 branch of the dungeon, and saw 6 of its levels.
You also visited: Sewer.

You collected 320 gold pieces.

Inventory:

Hand Weapons
 h - a +0 club
 n - a +0 trident
 q - a +2 spear of venom (weapon)
Armour
 a - a +0 robe
 b - a +0 leather armour (worn)
 o - a +0 pair of boots (worn)
 B - the cursed +0 helmet of Tutwent (worn) {Int+4}
   (You found it on level 5 of the Dungeon)

   It affects your intelligence (+4).
   It has a curse placed upon it.
Jewellery
 e - an amulet of magic regeneration (around neck)
 s - an uncursed ring of ice
Wands
 y - a wand of random effects (11)
Scrolls
 d - a scroll of fog
 i - 6 scrolls of identify
 r - a scroll of fear
 t - 4 scrolls of teleportation {unknown}
 u - a scroll of blinking {unknown}
 w - a scroll of remove curse {unknown}
 x - a scroll of enchant weapon {unknown}
 z - a scroll of enchant armour {unknown}
Potions
 c - 4 potions of lignification {unknown}
 f - 4 potions of brilliance {unknown}
 g - a potion of haste
 j - a potion of heal wounds
 k - 4 potions of curing {unknown}
 l - 2 potions of might {unknown}
 m - a potion of magic {unknown}
 p - a potion of resistance
 v - a potion of stabbing {unknown}
 A - a potion of cancellation {unknown}


   Skills:
 + Level 4.3 Fighting
 - Level 4.7 Polearms
 - Level 1.1 Armour
 - Level 12.0 Dodging
 - Level 2.1 Stealth
 - Level 3.5 Spellcasting
 - Level 5.5 Summonings
 * Level 4.1 Ice Magic


You had 4 spell levels left.
You knew the following spells:

 Your Spells              Type           Power        Failure   Level
a - Summon Small Mammal   Summ           ####         1%          1
b - Call Imp              Summ           ####....     3%          2
c - Call Canine Familiar  Summ           ####....     6%          3
d - Summon Ice Beast      Ice/Summ       ###.....     26%         4

Your spell library contained the following spells:

 Spells                   Type           Power        Failure   Level
 Shock                    Conj/Air       #...         19%         1
 Summon Guardian Golem    Hex/Summ       ##......     19%         3
 Swiftness                Air            #.......     28%         2
 Static Discharge         Conj/Air       #.......     50%         3
 Summon Lightning Spire   Summ/Air       ##......     52%         4
 Airstrike                Air            #.........   88%         4
 Lightning Bolt           Conj/Air       #.........   99%         5


Dungeon Overview and Level Annotations

Branches:
Dungeon (6/15)              Sewer (visited)
 Temple: D:4-7

Altars:
Ashenzari
Fedhas
Okawaru
Trog
Vehumet

Annotations:
D:2 exclusion: oklob plant
D:4 3 runed translucent doors, ArcanElement's ghost, amateur DEWz


Message History

The orc priest barely misses your ice beast.
An orc priest comes into view. It is wielding a +0 short sword.
Unknown command.
Unknown command.
The orc wizard misses you.
Your ice beast hits the orc wizard but does no damage.
The orc wizard points at you and mumbles some strange words.
The magic dart hits you!
The orc wizard points at you and mumbles some strange words.
The puff of flame hits you!
* * * LOW HITPOINT WARNING * * *
The orc priest begins to cast a cantrip, but forgets the words!
Your ice beast barely misses the orc wizard.
You feel much better.
Your ice beast hits the orc warrior.
Your ice beast freezes the orc warrior!
The orc warrior hits you from afar with a +0 glaive!!
* * * LOW HITPOINT WARNING * * *
The orc priest invokes the aid of Beogh against you.
Beogh smites you!
You die...

#.# #......# ###.# #
#.# #..##### #...# #
#.#####..#
########.#.###
#.......##
#.............
##########..###
#.######.#.###
#...)........Y# #)#
#.#.#
#.#.....oo..#.### #)#
#.#.#
#.ooo#####.Y.ooo.###.#
#.#.# .....
#...##.@....## #.#.#
.... #............#
#.#.# ....
#.#..........#####.#.#
#..
#.#....###.........#
...
..#....#_#....######
####....#+#....#
###### ######


You could see 2 orc warriors, 2 orc priests, an orc wizard (fast) and 2 friendly
ice beasts.

Vanquished Creatures
  Duvessa (D:6)
  A nameless horror (D:5)
  An orc warrior (D:6)
  A phantom (D:4)
  An ogre (D:4)
  2 centaurs (D:6)
  A scorpion (D:5)
  A howler monkey (D:5)
  A crimson imp (D:4)
  2 orc priests
  3 orc wizards
  A gnoll shaman (D:4)
  An iguana (D:4)
  2 worker ants
  A hound skeleton (D:5)
  11 gnolls
  7 adders
  A shadow imp (D:5)
  2 white imps
  An ufetubus (D:6)
  2 worms (D:4)
  A dart slug (D:1)
  A leopard gecko (D:3)
  13 orcs
  6 giant cockroaches
  10 goblins
  3 hobgoblins
  8 jackals
  12 kobolds
  5 ball pythons
  A ball python skeleton (D:5)
  4 bats
  8 frilled lizards
  A quokka skeleton (D:6)
  3 rats
120 creatures vanquished.

Vanquished Creatures (collateral kills)
  A nameless horror (D:6)
  An ice beast (D:5)
  2 ogres
  A bullfrog (D:6)
  Dowan (D:6)
  A quasit (D:6)
  A hound (D:5)
  A jelly (D:5)
  Robin (D:4)
  3 adders
  4 gnolls
  An ufetubus (D:5)
  2 dart slugs
  A leopard gecko (D:4)
  An orc (D:6)
  A ball python (D:4)
  A giant cockroach (D:2)
  2 goblins
  6 hobgoblins
  A jackal (D:1)
  A quokka (D:4)
  A bat (D:2)
  2 kobolds (D:1)
  3 rats (D:1)
40 creatures vanquished.

Vanquished Creatures (others)
  A fungus (D:1)
  6 plants (Sewer)
  13 toadstools (D:2)
20 creatures vanquished.

Grand Total: 180 creatures vanquished

Notes
Turn   | Place    | Note
-------+----------+-------------------------------------------
     0 | D:1      | dickylongcocking the Merfolk Summoner began the quest for
                  | the Orb.
     0 | D:1      | Reached XP level 1. HP: 13/13 MP: 3/3
   617 | D:1      | Reached XP level 2. HP: 12/19 MP: 1/5
   624 | D:1      | Reached skill level 12 in Dodging
   624 | D:1      | Reached XP level 3. HP: 12/24 MP: 0/6
   967 | D:1      | Learned a level 3 spell: Call Canine Familiar
   970 | D:1      | Learned a level 2 spell: Call Imp
  1679 | D:2      | Found a radiant altar of Vehumet.
  2263 | D:2      | Reached XP level 4. HP: 30/30 MP: 1/7
  2426 | D:2      | Found a blossoming altar of Fedhas.
  2441 | D:2      | Noticed an oklob plant
  3119 | D:3      | Reached skill level 1 in Polearms
  3132 | D:3      | Reached skill level 1 in Fighting
  3132 | D:3      | Reached XP level 5. HP: 8/37 MP: 8/8
  3515 | D:3      | Found a glowing drain.
  3520 | Sewer    | Entered a sewer
  4148 | D:3      | Found a faded altar of an unknown god.
  4437 | D:4      | Noticed Robin
  4437 | D:4      | Noticed an ogre
  4591 | D:4      | Noticed an ogre
  4608 | D:4      | Killed an ogre
  4608 | D:4      | Reached XP level 6. HP: 44/44 MP: 5/9
  4645 | D:4      | Noticed a phantom
  4654 | D:4      | Killed Robin
  4664 | D:4      | Reached skill level 5 in Summonings
  4754 | D:4      | Killed a phantom
  4947 | D:4      | Reached XP level 7. HP: 45/51 MP: 8/10
  5019 | D:4      | Found a runed translucent gate.
  5019 | D:4      | Found a runed translucent gate.
  5019 | D:4      | Found a runed translucent gate.
  5246 | D:4      | Noticed ArcanElement's ghost (amateur DEWz)
  5329 | D:4      | Learned a level 4 spell: Summon Ice Beast
  5635 | D:4      | Found an iron altar of Okawaru.
  5636 | D:4      | Found a bloodstained altar of Trog.
  5732 | D:4      | Became a worshipper of Warmaster Okawaru
  5772 | D:5      | Entered Level 5 of the Dungeon
  5881 | D:5      | Reached skill level 1 in Ice Magic
  6446 | D:5      | Reached XP level 8. HP: 42/58 MP: 9/12
  6537 | D:5      | Reached skill level 1 in Armour
  6601 | D:5      | Reached * piety under Okawaru
  6840 | D:5      | Got a jewelled helmet
  6845 | D:5      | Identified the cursed +0 helmet of Tutwent {Int+4} (You
                  | found it on level 5 of the Dungeon)
  6888 | D:6      | Noticed Dowan
  6890 | D:6      | Noticed a nameless horror
  6893 | D:6      | Noticed Duvessa
  6919 | D:5      | Killed a nameless horror
  7098 | D:6      | Killed Duvessa
  7128 | D:6      | Killed Dowan
  7555 | D:6      | Found a broken altar of Ashenzari.
  7583 | D:6      | Reached ** piety under Okawaru
  7721 | D:6      | Noticed a nameless horror
  7724 | D:6      | Killed a nameless horror
  7742 | D:6      | Killed from afar by an orc priest

Illustrated notes

Levels and vault maps discovered:
D:1:      scummos_arrival_checkerplants, layout_basic
D:2:      wad_pebble_path, layout_basic, fiery_altar_vehumet, tgw_fedhas
D:3:      layout_basic, chequers_ecumenical_altar_twisty, portal_sewer_entry_e
D:4:      layout_rooms, grunt_temple_overflow_bloody_war,
          gammafunk_ghost_necromancy, serial_park_tiny_2,
          minmay_fire_ice_demons, uniq_robin
D:5:      layout_loops_cross
D:6:      layout_loops_ring, ashenzari_conservatory_becter,
          kennysheep_generic_room_10, uniq_duvessa

Skill      XL: |  1  2  3  4  5  6  7  8 |
---------------+-------------------------+-----
Dodging        | 12 | 12.0
Polearms       | 1 2 3 4 |  4.7
Fighting       | 1 2 3 4 |  4.3
Summonings     | 5 |  5.5
Spellcasting   | 3 |  3.5
Ice Magic      | 1 4 |  4.1
Armour         | 1 |  1.1
Stealth        | |  2.1

Action                   |  1- 3 |  4- 6 |  7- 9 || total
-------------------------+-------+-------+-------++-------
Melee: Unarmed           |    15 |       |       ||    15
       Club              |    27 |       |       ||    27
       Trident           |    27 |       |       ||    27
       Spear             |       |   204 |   250 ||   454
       Tailslap          |       |     4 |     1 ||     5
 Cast: Summon Small Mamm |    30 |       |       ||    30
       Call Imp          |    30 |    11 |     2 ||    43
       Call Canine Famil |     1 |     7 |    13 ||    21
       Summon Ice Beast  |       |       |     6 ||     6
  Use: Potion            |     1 |     1 |     2 ||     4
       Scroll            |       |     3 |       ||     3
 Stab: Sleeping          |     2 |    10 |     4 ||    16
       Distracted        |       |     1 |       ||     1
Armor: Leather armour    |    20 |    13 |    17 ||    50
       Robe              |     1 |       |       ||     1
Dodge: Dodged            |    91 |   154 |   198 ||   443

Table legend: (Time is in decaauts)
 A = Elapsed time spent in this place.
 B = Non-inter-level travel time spent in this place.
 C = Inter-level travel time spent in this place.
 D = Time resting spent in this place.
 E = Time spent auto-exploring this place.
 F = Levels seen in this place.
 G = Mean time per level.
                   A        B        C        D        E       F      G
               +--------+--------+--------+--------+--------+-----+--------+
         Total |   7602 |   7325 |    277 |   1303 |   4398 |   7 | 1086.0 |
       Dungeon |   7156 |   6879 |    277 |   1303 |   4089 |   6 | 1192.7 |
         Sewer |    445 |    445 |      0 |      0 |    308 |   1 |  445.0 |
               +--------+--------+--------+--------+--------+-----+--------+

Top non-repeatable levels by time:
     D:1: 1543 daAuts
     D:2: 1479 daAuts
     D:5: 1211 daAuts
     D:4: 1188 daAuts
     D:3: 998 daAuts
     D:6: 735 daAuts
   Sewer: 445 daAuts
